 Dungeon Crawl Stone Soup version 0.28.0-53-g5a82cb258f (webtiles) character file.

Game seed: 4126287757039063697

3514 DoubleLucky the Grappler (level 9, -10/96 HPs)
             Began as a Troll Fighter on July 17, 2022.
             Was a Believer of Makhleb.
             Mangled by an orc warrior
             ... wielding a +0 glaive
              (11 damage)
             ... on level 9 of the Dungeon.
             The game lasted 00:36:01 (7266 turns).

DoubleLucky the Grappler (Troll Fighter)            Turns: 7266, Time: 00:36:01

Health: -10/96     AC:  9    Str: 28    XL:     9   Next: 81%
Magic:  8/8        EV:  9    Int:  6    God:    Makhleb [**....]
Gold:   512        SH:  8    Dex:  9    Spells: 8/8 levels left

rFire   . . .      SeeInvis .     - Unarmed
rCold   . . .      Faith    .   b - +0 kite shield
rNeg    . . .      Spirit   .   a - +0 robe
rPois   .          Reflect  .   h - +2 hat
rElec   .          Harm     .   y - +2 cloak
rCorr   .          Rampage  .   (gloves unavailable)
Will    .....                   (boots unavailable)
Stlth   +.........              (no amulet)
HPRegen 1.06/turn               w - +4 ring of slaying
MPRegen 0.11/turn               (no ring)

@: no status effects
A: large, unfitting armour, claws 3, regeneration 1, shaggy fur 1, tough skin 1
a: Renounce Religion, Minor Destruction


You were on level 9 of the Dungeon.
You worshipped Makhleb.
Makhleb was pleased with you.
You visited 2 branches of the dungeon, and saw 10 of its levels.
You also visited: Sewer.

You collected 512 gold pieces.

Inventory:

Hand Weapons
 v - a +5 vorpal flail
 A - a +1 whip of freezing
Missiles
 f - 161 stones
 r - 21 poisoned darts (quivered)
Armour
 a - a +0 robe (worn)
 b - a +0 kite shield (worn)
 h - a +2 hat (worn)
 n - a +1 hat of willpower
 y - a +2 cloak (worn)
Jewellery
 w - a +4 ring of slaying (left claw)
 z - a ring of fire
Wands
 B - a wand of charming (24)
 E - a wand of iceblast (10)
Scrolls
 d - 2 scrolls of immolation
 e - a scroll of holy word {unknown}
 i - 3 scrolls of fog
 j - 3 scrolls of noise {unknown}
 k - 3 scrolls of magic mapping {unknown}
 m - 2 scrolls of enchant armour {unknown}
 p - 4 scrolls of teleportation {unknown}
 q - a scroll of vulnerability {unknown}
 s - a scroll of fear {unknown}
 t - 2 scrolls of blinking {unknown}
 x - a scroll of summoning {unknown}
 D - 3 scrolls of identify
Potions
 c - a potion of might
 g - 3 potions of magic
 l - 3 potions of heal wounds
 o - 2 potions of curing
 u - a potion of haste
 C - 2 potions of cancellation {unknown}


   Skills:
 + Level 7.8 Fighting
 - Level 2.0 Throwing
 - Level 5.0 Dodging
 - Level 5.0 Shields
 - Level 8.0 Unarmed Combat


You had 8 spell levels left.
You didn't know any spells.
Your spell library contained the following spells:

 Spells                   Type           Power      Damage    Failure   Level
 Corpse Rot               Necr/Air       0%         N/A       86%         2
 Ensorcelled Hibernation  Hex/Ice        0%         N/A       86%         2
 Passwall                 Tmut/Erth      0%         N/A       86%         2
 Call Canine Familiar     Summ           0%         N/A       97%         3
 Portal Projectile        Hex/Tloc       0%         N/A       97%         3
 Swiftness                Air            0%         N/A       97%         3
 Dispel Undead            Necr           0%         3d6       100%        4
 Leda's Liquefaction      Hex/Erth       0%         N/A       100%        4
 Death Channel            Necr           0%         N/A       100%        6


Dungeon Overview and Level Annotations

Branches:
Dungeon (9/15)             Temple (1/1) D:4           Sewer (visited)
   Lair: D:8-11         Orc: D:9-12

Altars:
Ashenzari
Cheibriados
Elyvilon
Fedhas
Gozag
Hepliaklqana
Kikubaaqudgha
Makhleb
Nemelex Xobeh
Okawaru
Qazlal
Ru
Sif Muna
Trog
Vehumet
Yredelemnul
Zin
The Shining One

Shops:
D:5 (

Annotations:
D:6 2 exclusions, Dowan, Duvessa


Innate Abilities, Weirdness & Mutations

You are too large for most types of armour.
You have claws for hands.
Your natural rate of healing is unusually fast.
You are covered in fur. (AC +1)
You have tough skin. (AC +1)


Message History

You feel sick.
You are no longer poisoned.
A centaur breaks down the door.
The centaur shoots an arrow.
The arrow hits you.
The centaur unwields a +0 shortbow.
You block the centaur's attack.
The centaur kicks you but does no damage.
There is a broken door here.
You scratch the centaur.
The centaur is lightly wounded.
You mangle the centaur!!
You kill the centaur!
Makhleb accepts your kill.
You feel better.
The centaur shoots an arrow.
The arrow hits you.
The centaur shoots an arrow.
The arrow hits you.
The centaur shoots an arrow.
The arrow barely misses you.
There is an open door here.
You start resting.
The centaur shoots an arrow.
The arrow closely misses you.
You start resting.
A centaur is nearby!
The centaur shoots an arrow.
The arrow hits you but does no damage.
You mangle the two-headed ogre!!
The two-headed ogre is heavily wounded.
The two-headed ogre hits you with a +0 giant spiked club!!
You block the two-headed ogre's attack.
You claw the two-headed ogre!
The two-headed ogre is severely wounded.
The two-headed ogre hits you with a +0 giant spiked club!!
* * * LOW HITPOINT WARNING * * *
The two-headed ogre hits you with a +0 giant club.
* * * LOW HITPOINT WARNING * * *
You barely miss the two-headed ogre.
The two-headed ogre is severely wounded.
The two-headed ogre barely misses you.
The two-headed ogre hits you with a +0 giant club!
* * * LOW HITPOINT WARNING * * *
The two-headed ogre hits you with a +0 giant spiked club!
* * * LOW HITPOINT WARNING * * *
You block the two-headed ogre's attack.
The orc warrior hits you from afar with a +0 glaive!
You die...

###...O'..#'#......#
#...o#..#....#####
#...(#..#..#.#..# #
#.#..#..#....#..# .+
#....####....##.# ..#
......#####c###.###..##
.......#.....o.........#
...#...#......O........+
..#...+.......@.......#
......#########..##..##
#.....###.###..#
#.....#...#....#
#.....#...'....#
#.....'.).#....#
#..##<#...#....#
#..)..#...#....#
#..)).#####+####


You could see a two-headed ogre, an orc warrior and a centaur.

Vanquished Creatures
  Edmund (D:4)
  2 orc warriors (D:8)
  2 ice beasts
  A sky beast (D:6)
  A black bear (D:5)
  2 ogres
  5 centaurs
  A phantom (D:2)
  7 kobold brigands (Sewer)
  4 bullfrogs
  5 scorpions
  A water moccasin skeleton (D:5)
  A wyvern skeleton (D:7)
  A killer bee (D:9)
  4 jellies
  6 centaur zombies
  A hound (D:5)
  2 orc priests (D:8)
  A bullfrog skeleton (D:5)
  4 centaur skeletons
  2 iguanas
  4 orc wizards
  A hound zombie (D:5)
  2 hound skeletons
  A howler monkey skeleton (D:6)
  12 adders
  2 river rats (Sewer)
  2 white imps (D:7)
  4 worms
  2 dart slugs
  31 orcs
  8 endoplasms
  7 giant cockroaches
  10 goblins
  6 hobgoblins
  5 quokkas
  7 ball pythons
  2 bats (D:2)
  3 frilled lizards
  9 kobolds
  7 rats
179 creatures vanquished.

Notes
Turn   | Place    | Note
-------+----------+-------------------------------------------
     0 | D:1      | DoubleLucky the Troll Fighter began the quest for the Orb.
     0 | D:1      | Reached XP level 1. HP: 22/22 MP: 0/0
   161 | D:1      | Found a faded altar of an unknown god.
   248 | D:1      | Reached XP level 2. HP: 29/29 MP: 1/1
   704 | D:2      | Reached XP level 3. HP: 36/36 MP: 2/2
   755 | D:2      | Noticed a phantom
   763 | D:2      | Killed a phantom
   764 | D:2      | Reached XP level 4. HP: 28/44 MP: 3/3
   993 | D:2      | Reached XP level 5. HP: 50/50 MP: 4/4
  1766 | D:3      | You fall into a shaft and drop 3 floors!
  1771 | D:6      | Noticed a centaur
  1778 | D:6      | Killed a centaur
  1779 | D:6      | Reached skill level 5 in Shields
  1818 | D:5      | Entered Level 5 of the Dungeon
  1832 | D:5      | Reached XP level 6. HP: 61/61 MP: 5/5
  1881 | D:5      | Reached skill level 3 in Unarmed Combat
  1902 | D:5      | Noticed an ice beast
  1938 | D:5      | Killed an ice beast
  2213 | D:4      | Reached skill level 4 in Unarmed Combat
  2213 | D:4      | Reached XP level 7. HP: 63/70 MP: 6/6
  2355 | D:4      | Found a glowing drain.
  2393 | Sewer    | Entered a sewer
  2698 | Sewer    | Reached skill level 5 in Unarmed Combat
  2910 | Sewer    | Reached XP level 8. HP: 76/79 MP: 7/7
  3102 | Sewer    | Reached skill level 5 in Fighting
  3769 | D:4      | Found a staircase to the Ecumenical Temple.
  3774 | D:4      | Noticed Edmund
  3782 | D:4      | Killed Edmund
  3787 | Temple   | Entered the Ecumenical Temple
  4053 | Temple   | Became a worshipper of Makhleb the Destroyer
  4721 | D:5      | Reached skill level 5 in Dodging
  4871 | D:5      | Reached skill level 6 in Unarmed Combat
  5136 | D:5      | Found Terphu Nita's Weapon Emporium.
  5351 | D:6      | Reached XP level 9. HP: 89/89 MP: 8/8
  5507 | D:6      | Reached * piety under Makhleb
  5544 | D:6      | Noticed Duvessa
  5544 | D:6      | Noticed Dowan
  5873 | D:7      | Reached skill level 7 in Unarmed Combat
  6671 | D:8      | Reached ** piety under Makhleb
  6672 | D:8      | Reached skill level 8 in Unarmed Combat
  6683 | D:8      | Reached skill level 1 in Throwing
  7226 | D:9      | Noticed a two-headed ogre
  7266 | D:9      | HP: 1/96 [two-headed ogre/+0 giant spiked club (10)]
  7266 | D:9      | Mangled by an orc warrior

Illustrated notes

Levels and vault maps discovered:
D:1:      lemuel_arrival_river_bridge, layout_rooms,
          ebering_ecumenical_altar_box, chequers_garden
D:2:      layout_basic
D:3:      layout_rooms, minmay_tree_intersection
D:4:      layout_basic, minmay_temple_entry_slanted, gup_sewer_entry_glass,
          kennysheep_generic_room_7, uniq_edmund
D:5:      layout_rooms, serial_shops, nicolae_lakefront_shop,
          kennysheep_minor_cross, nicolae_concentric_dashed_squares_wild
D:6:      layout_basic, uniq_duvessa
D:7:      layout_rooms
D:8:      layout_gridville
D:9:      layout_stronghold, st_stairs_2
Temple:   dpeg_five_rooms_temple

Skill      XL: |  1  2  3  4  5  6  7  8  9 |
---------------+----------------------------+-----
Shields        | 3 4 5 |  5.0
Fighting       | 3 4 6 7 |  7.8
Unarmed Combat | 4 5 6 8 |  8.0
Dodging        | 3 5 |  5.0
Throwing       | 2 |  2.0

Action                   |  1- 3 |  4- 6 |  7- 9 || total
-------------------------+-------+-------+-------++-------
Melee: Unarmed           |    53 |   149 |   333 ||   535
       Punch             |     1 |     1 |       ||     2
Throw: Stone             |     4 |    12 |    41 ||    57
       Dart              |       |       |    48 ||    48
  Use: Scroll            |       |       |     7 ||     7
 Stab: Sleeping          |     1 |       |       ||     1
Armor: Robe              |    16 |    44 |   112 ||   172
Dodge: Dodged            |    24 |    43 |   130 ||   197
Block: Kite shield       |       |    60 |   131 ||   191
